HSSL
OVERLAND PARK HS TRIPLETS @ OCEANSIDE HS PIRATES
05/01/2029
 
TOP OF THE 1ST
Overland Park HS Triplets batting - Pitching for Oceanside HS Pirates : RHP John Belcher
Pitching: RHP John Belcher
Batting: LHB Esteban Pérez 0-0: Ball
1-0: Called Strike
1-1: Swinging Strike
1-2: Ball
2-2: Strikes out swinging
Batting: LHB José Mendoza 0-0: Ball
1-0: Bunt missed!
1-1: Swinging Strike
1-2: Foul Ball, location: 2F
1-2: Foul Ball, location: 2F
1-2: Ball
2-2: Strikes out looking
Batting: RHB Emery Cooper 0-0: Ball
1-0: SOLO HOME RUN (Flyball, 7LD), Distance : 372 ft
Batting: RHB Alex Moran 0-0: Fly out, F7 (Flyball, 78D)
Top of the 1st over - 1 run, 1 hit, 0 errors, 0 left on base; Overland Park HS 1 - Oceanside HS 0
BOTTOM OF THE 1ST
Oceanside HS Pirates batting - Pitching for Overland Park HS Triplets : RHP Joe Williams
Pitching: RHP Joe Williams
Batting: LHB Otis Campbell 0-0: Called Strike
0-1: Fly out, F5 (Popup, 6)
Batting: RHB Francis Méndez 0-0: Ball
1-0: Ball
2-0: Called Strike
2-1: Ball
3-1: Base on Balls
Batting: LHB Dylan Savill 0-0: Swinging Strike
0-1: Ground out 3-1 (Groundball, 3L)
Francis Méndez to second
Batting: RHB Tom Hanson 0-0: Called Strike
0-1: Fly out, F9 (Flyball, 9S)
Bottom of the 1st over - 0 runs, 0 hits, 0 errors, 1 left on base; Overland Park HS 1 - Oceanside HS 0
TOP OF THE 2ND
Overland Park HS Triplets batting - Pitching for Oceanside HS Pirates : RHP John Belcher
Batting: RHB Pablo Quintanilla 0-0: Foul Ball, location: 2F
0-1: Ball
1-1: Ground out 6-3 (Groundball, 6)
Batting: RHB Eddie Stanton 0-0: Ball
1-0: Ball
2-0: Called Strike
2-1: Called Strike
2-2: Ground out U3 (Groundball, 3)
Batting: RHB Al Kelly 0-0: Ball
1-0: Ball
2-0: Ground out 4-3 (Groundball, 4)
Top of the 2nd over - 0 runs, 0 hits, 0 errors, 0 left on base; Overland Park HS 1 - Oceanside HS 0
BOTTOM OF THE 2ND
Oceanside HS Pirates batting - Pitching for Overland Park HS Triplets : RHP Joe Williams
Batting: RHB Heath Jones 0-0: Called Strike
0-1: Ground out 1-3 (Groundball, 13S)
Batting: RHB Shawn Mendoza 0-0: Ball
1-0: Called Strike
1-1: Called Strike
1-2: Foul Ball, location: 2F
1-2: Ball
2-2: Ball
3-2: Fly out, F6 (Popup, 6MS)
Batting: RHB Vincent Lowe 0-0: Foul Ball, location: 2F
0-1: Swinging Strike
0-2: Strikes out swinging
Bottom of the 2nd over - 0 runs, 0 hits, 0 errors, 0 left on base; Overland Park HS 1 - Oceanside HS 0
TOP OF THE 3RD
Overland Park HS Triplets batting - Pitching for Oceanside HS Pirates : RHP John Belcher
Batting: SHB John Hansen 0-0: Called Strike
0-1: Ball
1-1: Ball
2-1: Ball
3-1: Base on Balls
Batting: LHB Mark McCubby 0-0: Called Strike
0-1: Ball
1-1: Swinging Strike
1-2: Strikes out swinging
Batting: LHB Esteban Pérez 0-0: Ball
1-0: Called Strike
1-1: Called Strike
1-2: Strikes out swinging
Batting: LHB José Mendoza 0-0: Foul Ball, location: 2F
0-1: Ball
1-1: Ball
2-1: Ball
3-1: Foul Ball, location: 2F
3-2: Fly out, F8 (Flyball, 8LS)
Top of the 3rd over - 0 runs, 0 hits, 0 errors, 1 left on base; Overland Park HS 1 - Oceanside HS 0
BOTTOM OF THE 3RD
Oceanside HS Pirates batting - Pitching for Overland Park HS Triplets : RHP Joe Williams
Batting: RHB Ben Williams 0-0: Ball
1-0: SINGLE (Groundball, 4MD)
Batting: LHB Tomás Balerio 0-0: Fielders Choice at 2nd, 6-4 (Groundball, 6)
Batting: LHB Otis Campbell 0-0: Ball
1-0: Called Strike
1-1: Ball
2-1: Called Strike
2-2: Ball
3-2: Fly out, F7 (Flyball, 78XD)
Batting: RHB Francis Méndez 0-0: Ball
1-0: Ball
2-0: Ball
3-0: Called Strike
3-1: DOUBLE (Line Drive, 8RD)
Tomás Balerio to third
Runner from 3rd tries for Home, SAFE, no throw
Batting: LHB Dylan Savill 0-0: Called Strike
0-1: Ball
1-1: Ball
2-1: Ball
3-1: Called Strike
3-2: Base on Balls
Batting: RHB Tom Hanson 0-0: Ball
1-0: SINGLE (Flyball, 8RS)
Francis Méndez to third
Dylan Savill to second
Runner from 3rd tries for Home, throw and OUT!
Bottom of the 3rd over - 1 run, 3 hits, 0 errors, 2 left on base; Overland Park HS 1 - Oceanside HS 1
TOP OF THE 4TH
Overland Park HS Triplets batting - Pitching for Oceanside HS Pirates : RHP John Belcher
Batting: RHB Emery Cooper 0-0: SOLO HOME RUN (Flyball, 7D), Distance : 385 ft
Batting: RHB Alex Moran 0-0: Ball
1-0: SINGLE (Groundball, 56D)
Batting: RHB Pablo Quintanilla 0-0: Called Strike
0-1: Foul Ball, location: 2F
0-2: Ball
1-2: Ball
2-2: Ball
3-2: Foul Ball, location: 2F
3-2: DOUBLE (Flyball, 78D)
Alex Moran to third
Batting: RHB Eddie Stanton 0-0: Foul Ball, location: 2F
0-1: Ground out 3-1 (Groundball, 34S)
Alex Moran scores
Pablo Quintanilla to third
Batting: RHB Al Kelly 0-0: Fly out, F9 (Flyball, 9LM)
Runner from 3rd tags up, SCORES, throw made
Batting: SHB John Hansen 0-0: Called Strike
0-1: Foul Ball, location: 2F
0-2: Foul Ball, location: 2F
0-2: Strikes out looking
Top of the 4th over - 3 runs, 3 hits, 0 errors, 0 left on base; Overland Park HS 4 - Oceanside HS 1
BOTTOM OF THE 4TH
Oceanside HS Pirates batting - Pitching for Overland Park HS Triplets : RHP Joe Williams
Batting: RHB Heath Jones 0-0: SINGLE (Line Drive, 4M)
Batting: RHB Shawn Mendoza 0-0: Foul Ball, location: 2F
0-1: Foul Ball, location: 2F
0-2: Ball
1-2: Ball
2-2: Fly out, F4 (Popup, 4S)
Batting: RHB Vincent Lowe 0-0: Ball
1-0: Foul Ball, location: 2F
1-1: Swinging Strike
1-2: Ball
2-2: Ball
3-2: DOUBLE (Flyball, 78D)
Heath Jones to third
Batting: RHB Ben Williams 0-0: Ball
1-0: Foul Ball, location: 2F
1-1: Called Strike
1-2: Foul Ball, location: 2F
1-2: Ball
2-2: SINGLE (Groundball, 6MD)
Heath Jones scores
Vincent Lowe to third
Batting: LHB Tomás Balerio 0-0: Fly out, F9 (Flyball, 9LS)
Runner from 3rd tags up, SCORES, throw made
Batting: LHB Otis Campbell 0-0: Foul Ball, location: 2F
0-1: Foul Ball, location: 2F
0-2: Ball
1-2: Ball
Wild Pitch!
Ben Williams to second
2-2: Foul Ball, location: 2F
2-2: Hit by Pitch
Batting: RHB Francis Méndez 0-0: Ball
1-0: Ball
2-0: Ground out 6-3 (Groundball, 6MS)
Bottom of the 4th over - 2 runs, 3 hits, 0 errors, 2 left on base; Overland Park HS 4 - Oceanside HS 3
TOP OF THE 5TH
Overland Park HS Triplets batting - Pitching for Oceanside HS Pirates : RHP John Belcher
Batting: LHB Mark McCubby 0-0: Ball
1-0: Fly out, F9 (Flyball, 9)
Batting: LHB Esteban Pérez 0-0: Fly out, F6 (Popup, 6MS)
Batting: LHB José Mendoza 0-0: SOLO HOME RUN (Flyball, 9D), Distance : 383 ft
Pitching: RHP Ben Phillips
Batting: RHB Emery Cooper 0-0: Ball
1-0: Ball
2-0: Ball
3-0: Called Strike
3-1: Called Strike
3-2: Foul Ball, location: 2F
3-2: Base on Balls
Batting: RHB Alex Moran 0-0: Ball
1-0: Swinging Strike
1-1: Ball
2-1: Ball
3-1: Ground out 4-3 (Groundball, 34)
Top of the 5th over - 1 run, 1 hit, 0 errors, 1 left on base; Overland Park HS 5 - Oceanside HS 3
BOTTOM OF THE 5TH
Oceanside HS Pirates batting - Pitching for Overland Park HS Triplets : RHP Joe Williams
Batting: LHB Dylan Savill 0-0: Called Strike
0-1: Foul Ball, location: 2F
0-2: Foul Ball, location: 2F
0-2: Ball
1-2: Strikes out swinging
Batting: RHB Tom Hanson 0-0: Ball
1-0: Foul Ball, location: 2F
1-1: Called Strike
1-2: Foul Ball, location: 2F
1-2: Ball
2-2: Fly out, F9 (Flyball, 9S)
Batting: RHB Heath Jones 0-0: Foul Ball, location: 2F
0-1: Foul Ball, location: 2F
0-2: SINGLE (Groundball, 4MD)
Pitching: RHP Larry Madden
Batting: RHB Shawn Mendoza 0-0: Foul Ball, location: 2F
0-1: Ball
1-1: Ball
Wild Pitch!
Heath Jones to second
2-1: DOUBLE (Flyball, 89D)
Heath Jones scores
Batting: RHB Vincent Lowe 0-0: Ball
1-0: Ball
2-0: Ball
3-0: Called Strike
3-1: Base on Balls
Batting: RHB Ben Williams 0-0: Fly out, F9 (Flyball, 9LSF)
Bottom of the 5th over - 1 run, 2 hits, 0 errors, 2 left on base; Overland Park HS 5 - Oceanside HS 4
TOP OF THE 6TH
Overland Park HS Triplets batting - Pitching for Oceanside HS Pirates : RHP Ben Phillips
Batting: RHB Pablo Quintanilla 0-0: Ground out 6-3 (Groundball, 6)
Batting: RHB Eddie Stanton 0-0: Ball
1-0: Called Strike
1-1: SINGLE (Line Drive, 6D)
Batting: RHB Al Kelly 0-0: Foul Ball, location: 2F
0-1: Called Strike
0-2: Strikes out swinging
Batting: SHB John Hansen 0-0: Called Strike
0-1: Ball
1-1: Called Strike
1-2: Fly out, F9 (Flyball, 9D)
Top of the 6th over - 0 runs, 1 hit, 0 errors, 1 left on base; Overland Park HS 5 - Oceanside HS 4
BOTTOM OF THE 6TH
Oceanside HS Pirates batting - Pitching for Overland Park HS Triplets : RHP Larry Madden
Batting: LHB Tomás Balerio 0-0: Called Strike
0-1: Swinging Strike
0-2: Foul Ball, location: 2F
0-2: Foul Ball, location: 2F
0-2: Foul Ball, location: 2F
0-2: Fly out, F8 (Flyball, 8RM)
Batting: LHB Otis Campbell 0-0: Ball
1-0: Ball
2-0: Called Strike
2-1: Ball
3-1: Called Strike
3-2: Fly out, F5 (Popup, 6S)
Batting: RHB Francis Méndez 0-0: Foul Ball, location: 2F
0-1: Ball
1-1: Ball
2-1: Foul Ball, location: 2F
2-2: Foul Ball, location: 2F
2-2: Fly out, F8 (Flyball, 8RM)
Bottom of the 6th over - 0 runs, 0 hits, 0 errors, 0 left on base; Overland Park HS 5 - Oceanside HS 4
TOP OF THE 7TH
Overland Park HS Triplets batting - Pitching for Oceanside HS Pirates : RHP Ben Phillips
Pitching: LHP Henry Bell
Batting: LHB Mark McCubby 0-0: Foul Ball, location: 2F
0-1: Foul Ball, location: 2F
0-2: Ball
1-2: Ball
2-2: Foul Ball, location: 2F
2-2: Strikes out swinging
Batting: LHB Esteban Pérez 0-0: Foul Ball, location: 2F
0-1: SINGLE (Groundball, 4) (infield hit)
Pinch Hitting: RHB Scott Hurley
Pitching: RHP Greg Rutherford 0-0: Ball
Esteban Pérez is caught stealing 2nd base
1-0: Fly out, F7 (Flyball, 7S)
Top of the 7th over - 0 runs, 1 hit, 0 errors, 0 left on base; Overland Park HS 5 - Oceanside HS 4
BOTTOM OF THE 7TH
Oceanside HS Pirates batting - Pitching for Overland Park HS Triplets : RHP Larry Madden
Pitching: LHP Carl Orr
Now in RF: Carson Doss
Batting: LHB Dylan Savill 0-0: Called Strike
0-1: Ground out 4-3 (Groundball, 34)
Pitching: RHP Sean Kidd
Batting: RHB Tom Hanson 0-0: Ball
1-0: Ball
2-0: Ball
3-0: Base on Balls
Batting: RHB Heath Jones 0-0: Ball
1-0: Ball
2-0: Ball
3-0: Called Strike
3-1: Fly out, F9 (Flyball, 89M)
Batting: RHB Shawn Mendoza 0-0: Called Strike
0-1: Ball
1-1: Swinging Strike
1-2: Ball
2-2: Foul Ball, location: 2F
2-2: Ball
3-2: Base on Balls
Tom Hanson to second
Batting: RHB Vincent Lowe 0-0: Called Strike
0-1: Ball
1-1: Ball
2-1: Called Strike
2-2: Strikes out swinging
Bottom of the 7th over - 0 runs, 0 hits, 0 errors, 2 left on base; Overland Park HS 5 - Oceanside HS 4
TOP OF THE 8TH
Overland Park HS Triplets batting - Pitching for Oceanside HS Pirates : RHP Greg Rutherford
Batting: RHB Emery Cooper 0-0: Ball
1-0: Foul Ball, location: 2F
1-1: Foul Ball, location: 2F
1-2: Ball
2-2: Ball
3-2: Base on Balls
Batting: RHB Alex Moran 0-0: Called Strike
0-1: Ball
1-1: Called Strike
Emery Cooper is caught stealing 2nd base
1-2: Ball
2-2: Foul Ball, location: 2F
2-2: DOUBLE (Line Drive, 9D)
Batting: RHB Pablo Quintanilla 0-0: Ball
1-0: Foul Ball, location: 2F
1-1: Ball
2-1: Ball
3-1: Base on Balls
Pinch Runner at 2nd Paco Tapia:
Batting: RHB Eddie Stanton 0-0: Ball
1-0: Foul Ball, location: 2F
1-1: Ground out 6-3 (Groundball, 6S)
Paco Tapia to third
Pablo Quintanilla to second
Batting: RHB Al Kelly 0-0: Called Strike
0-1: Swinging Strike
0-2: Ball
1-2: DOUBLE (Groundball, 5L)
Paco Tapia scores
Pablo Quintanilla scores
Pitching: RHP Juan Jose Jiménez
Batting: SHB John Hansen 0-0: Called Strike
0-1: Swinging Strike
0-2: Ball
1-2: Foul Ball, location: 2F
1-2: Ball
2-2: Ball
3-2: Foul Ball, location: 2F
3-2: Strikes out swinging
Top of the 8th over - 2 runs, 2 hits, 0 errors, 1 left on base; Overland Park HS 7 - Oceanside HS 4
BOTTOM OF THE 8TH
Oceanside HS Pirates batting - Pitching for Overland Park HS Triplets : RHP Sean Kidd
Batting: RHB Ben Williams 0-0: Ground out 4-3 (Groundball, 34)
Batting: LHB Tomás Balerio 0-0: Called Strike
0-1: Ball
1-1: Ball
2-1: SINGLE (Flyball, 56D)
Batting: LHB Otis Campbell 0-0: Fly out, F8 (Flyball, 78M)
Batting: RHB Francis Méndez 0-0: Ball
1-0: Called Strike
1-1: Called Strike
1-2: Ball
2-2: Ball
3-2: Base on Balls
Tomás Balerio to second
Batting: LHB Dylan Savill 0-0: Ball
1-0: Foul Ball, location: 2F
1-1: Ball
2-1: Ball
3-1: Foul Ball, location: 2F
3-2: Base on Balls
Tomás Balerio to third
Francis Méndez to second
Pitching: RHP Clint Smith
Batting: RHB Tom Hanson 0-0: Foul Ball, location: 2F
0-1: Ball
1-1: Foul Ball, location: 2F
1-2: Ball
2-2: Ball
3-2: Foul Ball, location: 2F
3-2: SINGLE (Groundball, 6MD)
Tomás Balerio scores
Francis Méndez to third
Dylan Savill to second
Francis Méndez scores
Dylan Savill to third
Batting: RHB Heath Jones 0-0: Called Strike
0-1: Ball
1-1: Ball
2-1: Foul Ball, location: 2F
2-2: Strikes out swinging
Bottom of the 8th over - 2 runs, 2 hits, 0 errors, 2 left on base; Overland Park HS 7 - Oceanside HS 6
TOP OF THE 9TH
Overland Park HS Triplets batting - Pitching for Oceanside HS Pirates : RHP Juan Jose Jiménez
Batting: LHB Mark McCubby 0-0: Ball
1-0: DOUBLE (Flyball, 78D)
Batting: LHB Esteban Pérez 0-0: Intentional Walk
Batting: RHB Carson Doss 0-0: SINGLE (Groundball, 13S) (infield hit)
Mark McCubby to third
Esteban Pérez to second
Batting: RHB Emery Cooper 0-0: DOUBLE (Line Drive, 89D)
Mark McCubby scores
Esteban Pérez scores
Carson Doss to third
Batting: RHB Paco Tapia 0-0: Ball
1-0: Called Strike
1-1: SINGLE (Groundball, 56D)
Carson Doss scores
Emery Cooper to third
Pitching: RHP Ron Williams
Batting: RHB Pablo Quintanilla 0-0: Called Strike
0-1: Ball
1-1: Fly out, F3 (Popup, 23F)
Batting: RHB Eddie Stanton 0-0: Called Strike
0-1: Swinging Strike
0-2: SINGLE (Groundball, 56D)
Emery Cooper scores
Paco Tapia to second
Batting: RHB Al Kelly 0-0: Called Strike
0-1: Ball
1-1: Ball
2-1: Called Strike
2-2: Ground out 6-3 (Groundball, 6S)
Paco Tapia to third
Eddie Stanton to second
Batting: SHB John Hansen 0-0: Called Strike
0-1: Ball
1-1: Ground out 6-3 (Groundball, 56)
Top of the 9th over - 4 runs, 5 hits, 0 errors, 2 left on base; Overland Park HS 11 - Oceanside HS 6
BOTTOM OF THE 9TH
Oceanside HS Pirates batting - Pitching for Overland Park HS Triplets : RHP Clint Smith
Batting: RHB Shawn Mendoza 0-0: Foul Ball, location: 2F
0-1: Foul Ball, location: 2F
0-2: Foul Ball, location: 2F
0-2: Ball
1-2: Foul Ball, location: 2F
1-2: Strikes out looking
Batting: RHB Vincent Lowe 0-0: Called Strike
0-1: Called Strike
0-2: Ball
1-2: Ball
2-2: Strikes out looking
Batting: RHB Ben Williams 0-0: Ball
1-0: Foul Ball, location: 2F
1-1: Fly out, F8 (Line Drive, 8RM)
Bottom of the 9th over - 0 runs, 0 hits, 0 errors, 0 left on base; Overland Park HS 11 - Oceanside HS 6
Saturday, December 16th, 2017 - OOTP Baseball 18.8 Build 76